[Event "Betsys MČR v online bleskovém šachu 2021"]
[Site "Chess.com"]
[Date "2021.04.17"]
[Round "3"]
[White "DONSANMIGUEL"]
[Black "OlifantCZ"]
[Result "0-1"]
[WhiteElo "1800"]
[BlackElo "2281"]
[TimeControl "180+1"]
[EndTime "9:26:25 PDT"]
[Termination "Uživatel OlifantCZ zvítězil matem"]

1. Nf3 Nf6 2. a4 g6 3. d3 Bg7 4. Nbd2 d5 5. e3 O-O 6. Be2 c5 7. c3 Nc6 8. Nf1 e5 9. Ng3 e4 10. Ng5 h6 11. Nh3 Bxh3 12. gxh3 Qd7 13. Bg4 Nxg4 14.
hxg4 exd3 15. g5 hxg5 16. Qxd3 Ne5 17. Qe2 g4 18. Bd2 Nf3+ 19. Kd1 a6 20. h3 b5 21. a5 d4 22. hxg4 dxc3 23. bxc3 Nxd2 24. Qxd2 Qxg4+ 25. Kc2 Rad8 26. Qe2 Qe6 27. f4 b4 28. Rab1 Bxc3 29. Rhd1 Qa2+ 30. Kc1 Qa3+ 31. Kc2 Qa4+ 32. Rb3 Qa2+ 33.
Kc1 Qxb3 34. Rxd8 Rxd8 35. Ne4 Rd1+ 36. Qxd1 Qb2# 0-1

[Event "Betsys MČR v online bleskovém šachu 2021"]
[Site "Chess.com"]
[Date "2021.04.17"]
[Round "3"]
[White "Ondre2836"]
[Black "JonasFadrny"]
[Result "1-0"]
[WhiteElo "1301"]
[BlackElo "754"]
[TimeControl "180+1"]
[EndTime "9:26:25 PDT"]
[Termination "Uživatel Ondre2836 zvítězil matem"]

1. e4 e5 2. Bc4 Nf6 3. d3 Nc6 4.
Nf3 h6 5. c3 Bc5 6. O-O O-O 7. a4 Qe7 8. Qe2 d6 9. b4 Bb6 10. a5 Bd4 11. cxd4 exd4 12. Bb2 Bg4 13. h3 Bxf3 14. Qxf3 Rad8 15. Nd2 Nxb4 16. Bxd4 Nc2 17. Ra2 Nxd4 18. Qe3 Nc6 19. Rb2 b6 20. axb6 axb6 21. Bb5 Qd7 22. Rc1 Qe6 23. Bxc6 Qe5 24. Rbc2 g5 25.
d4 Qe7 26. e5 dxe5 27. Qxe5 Qxe5 28. dxe5 Nd7 29. Bxd7 Rxd7 30. Ne4 f5 31. Nf6+ Kf7 32. Nxd7 Rd8 33. Rxc7 Ke6 34. R1c6+ Kd5 35. Nf6+ Kd4 36. Rd7+ Rxd7 37. Nxd7 Kd5 38. Rxh6 b5 39. e6 Kd6 40.
Nb6 b4 41. Kf1 b3 42. Ke2 b2 43. Nc4+ Ke7 44. Nxb2 f4 45. Kd3 Ke8 46. Ke4 Ke7 47. Kd5 Ke8 48. Kd6 Kd8 49. Rh8# 1-0

[Event "Betsys MČR v online bleskovém šachu 2021"]
[Site "Chess.com"]
[Date "2021.04.17"]
[Round "3"]
[White "hoacin"]
[Black "milanpetras"]
[Result "1-0"]
[WhiteElo "2486"]
[BlackElo "1830"]
[TimeControl "180+1"]
[EndTime "9:26:27 PDT"]
[Termination "Uživatel hoacin zvítězil na čas"]

1. e4 e6 2. d4 d5 3. Nd2 Nf6 4. e5 Nfd7 5. f4 c5 6. c3 Nc6 7.
Ndf3 f6 8. Bd3 cxd4 9. cxd4 fxe5 10. dxe5 Nc5 11. Bb1 Be7 12. Nh3 Qa5+ 13. Bd2 Qb6 14. O-O Nb3+ 15. Kh1 Nxa1 16. Nfg5 Qxb2 17. Qh5+ g6 18.
Bxg6+ Kd7 19. Be3 Kc7 20. Bf7 d4 21. Bg1 Qxa2 22. f5 Bd7 23. Nxe6+ Bxe6 24. Bxe6 Qa5 25. f6 Bb4 26. Qf7+ Kb6 27. Bd7 a6 28. Bxc6 bxc6 29.
Bxd4+ Kb5 30. e6 Rhf8 31. Qh5+ Kc4 32. Qh4 Kb5 33. Rxa1 Qc7 34. Qg5+ c5 35. Be5 Qc6 36. e7 Rg8 37. f7 Rxg5 38. Nxg5 1-0

[Event "Betsys MČR v online bleskovém šachu 2021"]
[Site "Chess.com"]
[Date "2021.04.17"]
[Round "3"]
[White "Tobish"]
[Black "Eliska0107"]
[Result "0-1"]
[WhiteElo "1662"]
[BlackElo "2022"]
[TimeControl "180+1"]
[EndTime "9:26:27 PDT"]
[Termination "Uživatel Eliska0107 zvítězil na čas"]

1. e4 d6 2. d4 Nf6 3. Bd3 e5 4. dxe5 dxe5 5. Nf3 Nbd7 6. O-O c6 7. Nc3 Qc7 8. Be3 Be7 9. h3 O-O 10. Qe2 b5 11. a3 a6 12. Na2 Nc5 13. Nc3 Ne6 14.
b4 Nh5 15. Rfd1 Nhf4 16. Qf1 Bf6 17. Ne2 Re8 18. Ng3 g6 19. c4 Nd4 20. Nxd4 exd4 21.
Bxf4 Qxf4 22. Re1 Be5 23. Qe2 Be6 24. cxb5 cxb5 25. Rac1 Rec8 26. Rc2 Rxc2 27. Bxc2 Rc8 28. Bd3 Rc3 29. Rd1 Bc4 30. Bxc4 bxc4 31. a4 d3 32. Qd2 Qf6 0-1

[Event "Betsys MČR v online bleskovém šachu 2021"]
[Site "Chess.com"]
[Date "2021.04.17"]
[Round "3"]
[White "krajic001"]
[Black "Joanna23W"]
[Result "0-1"]
[WhiteElo "1837"]
[BlackElo "2683"]
[TimeControl "180+1"]
[EndTime "9:26:28 PDT"]
[Termination "Uživatel Joanna23W zvítězil po vzdání soupeře"]

1. e4 c5 2. Nf3 Nc6 3. c3 d5 4.
exd5 Qxd5 5. Be2 e5 6. O-O Nf6 7.
Na3 Be7 8. Bc4 Qd7 9. Ng5 O-O 10. Qc2 h6 11. Ne4 Nxe4 12. Qxe4 Kh8 13. f4 f5 14. Qf3 e4 15. Qh5 Bf6 16. Nc2 a6 17. Ne3 b5 18. Bd5 Ra7 19. Bxc6 Qxc6 20. Nxf5 Bxf5 21.
Qxf5 Raf7 22. Qg4 c4 23. b3 Bd8 24. bxc4 Qc5+ 25. Kh1 bxc4 26. a4 Qc7 27. Ba3 Rxf4 28.
Qg3 Rxf1+ 0-1

[Event "Betsys MČR v online bleskovém šachu 2021"]
[Site "Chess.com"]
[Date "2021.04.17"]
[Round "3"]
[White "sajmon8"]
[Black "Sorcercream"]
[Result "1-0"]
[WhiteElo "1593"]
[BlackElo "1127"]
[TimeControl "180+1"]
[EndTime "9:26:28 PDT"]
[Termination "Uživatel sajmon8 zvítězil na čas"]

1. e4 e5 2. Nf3 Nc6 3. Bb5 Nf6 4. Nc3 a6 5. Bxc6 dxc6 6. O-O Bd6 7. d4 exd4 8. Qxd4 Be7 9. Qxd8+ Bxd8 10. Bf4 O-O 11. Rad1 Bg4 12. Rfe1 Bxf3 13. gxf3 Nh5 14. Bg3 Bf6 15.
Rd3 Nxg3 16. fxg3 Rad8 17. Red1 h6 18. Kf2 Rxd3 19. Rxd3 Rd8 20. Rxd8+ Bxd8 21. b3 Bf6 22. Ne2 g5 23. Ke3 Kf8 24. f4 Ke7 25. Ng1 a5 26.
Nf3 c5 27. Kd3 b5 28. c4 c6 29. e5 Bg7 30. Ke4 Ke6 31. fxg5 hxg5 32. Nxg5+ Ke7 33.
Kf5 a4 34. Ne4 axb3 35. axb3 bxc4 36. bxc4 f6 37. exf6+ Bxf6 38. Nxf6 Kd6 39. h4 Ke7 40. h5 Kf7 41. h6 Kf8 42. g4 Kf7 43. g5 Kf8 44. g6 1-0

[Event "Betsys MČR v online bleskovém šachu 2021"]
[Site "Chess.com"]
[Date "2021.04.17"]
[Round "3"]
[White "feela1"]
[Black "kaprasov"]
[Result "0-1"]
[WhiteElo "1495"]
[BlackElo "1892"]
[TimeControl "180+1"]
[EndTime "9:26:32 PDT"]
[Termination "Uživatel kaprasov zvítězil na čas"]

1. e4 c5 2. Nf3 d6 3. Bb5+ Nd7 4. Nc3 a6 5. Ba4 b5 6. Nxb5 axb5 7. Bxb5 Qa5 8. a4 Nf6 9. Qe2 Ba6 10. Bxa6 Qxa6 11. d3 e5 12. O-O Be7 13. b3 O-O 14. Ng5 h6 15. Nf3 Nh7 16. Bd2 f5 17. exf5 Rxf5 18. h3 Raf8 19. Nh2 Bg5 20. Bxg5 Nxg5 21. Qg4 Qb7 22. f3 Rf4 23. Qg3 Nf6 24. Qf2 Nd5 25.
a5 Nb4 26. Rfd1 R8f6 27. Ng4 Rxg4 28. hxg4 Rxf3 29. gxf3 Nh3+ 30. Kg2 Nxf2 31. Kxf2 Nxc2 32. Ra2 Nd4 33. a6 Qa7 34. Rb1 Nc6 35. Kg3 Nb4 0-1

[Event "Betsys MČR v online bleskovém šachu 2021"]
[Site "Chess.com"]
[Date "2021.04.17"]
[Round "3"]
[White "Akdub"]
[Black "masodj"]
[Result "1-0"]
[WhiteElo "2095"]
[BlackElo "1731"]
[TimeControl "180+1"]
[EndTime "9:26:37 PDT"]
[Termination "Uživatel Akdub zvítězil matem"]

1. e4 c5 2. c3 Nc6 3. d4 cxd4 4. cxd4 d6 5. Nc3 g6 6. Nf3 Bg7 7. Be3 Nf6 8. h3 O-O 9. Bc4 Qc7 10. O-O a6 11. a3 Bd7 12. Rc1 Rac8 13. Ba2 Qa5 14. Re1 Qh5 15. b4 Bxh3 16. gxh3 Qxh3 17. Nh2 h5 18. Qf3 Qd7 19. Red1 Ng4 20. Nxg4 hxg4 21.
Qg3 Bf6 22. Nd5 Kg7 23. Nb6 Qc7 24.
Nxc8 Qxc8 25. d5 Be5 26. Qg2 Rh8 27. dxc6 Rh2 28. Qxh2 Bxh2+ 29. Kxh2 Qh8+ 30. Kg2 bxc6 31. Bf4 Qh3+ 32. Kg1 e5 33. Bg3 f5 34. exf5 gxf5 35. Rxd6 f4 36. Rd7+ Kf6 37. Rxc6+ Kf5 38. Bb1+ e4 39.
Rd5# 1-0

[Event "Betsys MČR v online bleskovém šachu 2021"]
[Site "Chess.com"]
[Date "2021.04.17"]
[Round "3"]
[White "JIDEMONI"]
[Black "povrlak60"]
[Result "1-0"]
[WhiteElo "1902"]
[BlackElo "1512"]
[TimeControl "180+1"]
[EndTime "9:26:37 PDT"]
[Termination "Uživatel JIDEMONI zvítězil po vzdání soupeře"]

1. d4 Nf6 2. Nf3 g6 3. Nc3 Bg7 4. e4 d6 5. Be2 O-O 6. O-O Bg4 7. h3 Bxf3 8. Bxf3 c6 9. Be3 Nbd7 10. Qd2 e5 11. Rad1 Qc7 12. Bh6 Rfe8 13. Bxg7 Kxg7 14. Rfe1 Rad8 15. g3 Nf8 16. dxe5 dxe5 17. Qe3 b6 18. Bg2 Ne6 19. Ne2 c5 20. c3 Rxd1 21. Rxd1 Rd8 22.
Rd3 Rxd3 23. Qxd3 Qd7 24. Qxd7 Nxd7 25. f3 c4 26. Kf2 Ndc5 27. Nc1 Kf8 28. Ke3 Ke7 29. Bf1 b5 30. b4 Nd7 31. a4 a6 32.
axb5 axb5 33. f4 Kd6 34. Bg2 f6 35. Ne2 Nb6 36. f5 Ng5 37. h4 Nf7 38. fxg6 hxg6 39. g4 Na4 40. h5 gxh5 41. gxh5 Ng5 42. Bf3 Nb2 43. Bg4 Ke7 44. Ng3 Kf7 45. Nf5 Nd1+ 46.
Bxd1 1-0

[Event "Betsys MČR v online bleskovém šachu 2021"]
[Site "Chess.com"]
[Date "2021.04.17"]
[Round "3"]
[White "AdaTra"]
[Black "Asmodai5"]
[Result "1-0"]
[WhiteElo "1643"]
[BlackElo "1136"]
[TimeControl "180+1"]
[EndTime "9:26:37 PDT"]
[Termination "Uživatel AdaTra zvítězil na čas"]

1. d4 d5 2. Bf4 Nc6 3. e3 e6 4. c3 Bd6 5. Nf3 Nf6 6. Ne5 Bxe5 7. dxe5 Ne4 8. Bd3 O-O 9. O-O b6 10. f3 Nc5 11. Bc2 Bb7 12. Nd2 Qd7 13. e4 dxe4 14.
Nxe4 Qxd1 15. Raxd1 Nxe4 16. Bxe4 Rad8 17. Bg5 f6 18.
exf6 gxf6 19. Rxd8 Nxd8 20. Bxb7 Nxb7 21. Be3 Rd8 22. Re1 Nc5 23. Bxc5 bxc5 24. Rxe6 Kf7 25. Re2 Rd5 26. Kf2 Kg6 27. b3 Kf5 28. Kg3 h5 29. h4 Kg6 30. Re7 Rd2 31. a4 Rc2 32. Rxc7 Rxc3 33. a5 1-0

[Event "Betsys MČR v online bleskovém šachu 2021"]
[Site "Chess.com"]
[Date "2021.04.17"]
[Round "3"]
[White "ffbp3q"]
[Black "DenryS"]
[Result "1-0"]
[WhiteElo "2387"]
[BlackElo "2113"]
[TimeControl "180+1"]
[EndTime "9:26:38 PDT"]
[Termination "Uživatel ffbp3q zvítězil matem"]

1. d4 Nf6 2. c4 g6 3. Nc3 Bg7 4. e4 d6 5. Nf3 O-O 6. h3 e5 7. d5 a5 8. Bg5 Na6 9. g4 Nc5 10. Qc2 h6 11. Be3 b6 12. Be2 Nfd7 13. Rg1 Kh7 14. O-O-O Ba6 15. h4 f6 16. g5 fxg5 17.
hxg5 h5 18. Nh4 Qe8 19. Rg3 Rb8 20. Rh1 Kg8 21. Qd1 Rf4 22. Nxg6 Qxg6 23. Bxh5 Qh7 24. Bf7+ Rxf7 25. Rxh7 Kxh7 26. g6+ Kg8 27. gxf7+ Kxf7 28. Qh5+ Kf8 29. Qg6 Bf6 30. Qh7 Ke8 31. Rg8+ Nf8 32. Qxc7 Rc8 33. Qxd6 Be7 34. Qg6+ Kd8 35. Bg5 Nd7 36. d6 Bxg5+ 37. Qxg5+ Ke8 38. Qe7# 1-0

[Event "Betsys MČR v online bleskovém šachu 2021"]
[Site "Chess.com"]
[Date "2021.04.17"]
[Round "3"]
[White "starypomalymuz"]
[Black "veronikam"]
[Result "0-1"]
[WhiteElo "1771"]
[BlackElo "1533"]
[TimeControl "180+1"]
[EndTime "9:26:39 PDT"]
[Termination "Uživatel veronikam zvítězil po vzdání soupeře"]

1. e4 c5 2. g3 Nc6 3. Bg2 g6 4. Ne2 Bg7 5. c3 e6 6. O-O Nge7 7. d4 cxd4 8. cxd4 d5 9. e5 O-O 10. Be3 Nf5 11. Nbc3 a6 12. Rc1 Bd7 13. Na4 Nxe3 14.
fxe3 Bh6 15. Qb3 Na5 16. Qb6 Bxa4 17. Qxd8 Bxe3+ 18. Kh1 Rfxd8 19. Rc3 Bh6 20. b3 Bd7 21. Nf4 Rac8 22. Rfc1 Kf8 23. Rc7 Bxf4 24. gxf4 Bc6 25. Rxc8 Rxc8 26. h4 Ke7 27. Kh2 Kd7 28. Kh3 Bb5 29.
Rxc8 Kxc8 30. Kg4 Bd3 31. Kg5 Bb1 32. b4 Nc6 33. a3 Nxd4 34. Kf6 Ne2 35. Kxf7 Nxf4 36.
Bf3 Bf5 37. Kg7 Nd3 0-1

[Event "Betsys MČR v online bleskovém šachu 2021"]
[Site "Chess.com"]
[Date "2021.04.17"]
[Round "3"]
[White "Loveforever_Pepi"]
[Black "p_kana"]
[Result "1-0"]
[WhiteElo "2304"]
[BlackElo "1803"]
[TimeControl "180+1"]
[EndTime "9:26:40 PDT"]
[Termination "Uživatel Loveforever_Pepi zvítězil na čas"]

1. e4 c5 2. d4 cxd4 3. c3 d3 4. Bxd3 d6 5. Nf3 Nc6 6. h3 Nf6 7. O-O e6 8. Qe2 Be7 9. Rd1 Qc7 10. Bf4 O-O 11. Nbd2 a6 12. a4 b6 13. Nc4 Rd8 14. Bh2 Bb7 15. Bc2 b5 16. axb5 axb5 17. Rxa8 Bxa8 18. Na3 b4 19. Nb5 Qb8 20. c4 Ne5 21. Nfd4 Qc8 22. b3 Ne8 23. Ra1 Bc6 24. Na7 Qc7 25.
Bxe5 Ra8 26. Ndxc6 dxe5 27. Nxe7+ Qxe7 28. Qe3 Nd6 29. Ra4 Rd8 30. Nc6 Qc7 31. Nxd8 Qxd8 32. Qd2 Qc7 33.
Qxd6 1-0

[Event "Betsys MČR v online bleskovém šachu 2021"]
[Site "Chess.com"]
[Date "2021.04.17"]
[Round "3"]
[White "Maty122"]
[Black "lupinek23"]
[Result "0-1"]
[WhiteElo "1131"]
[BlackElo "1611"]
[TimeControl "180+1"]
[EndTime "9:26:42 PDT"]
[Termination "Uživatel lupinek23 zvítězil na čas"]

1. e4 e5 2. Nf3 Nc6 3. Bb5 d6 4. O-O Nf6 5. Nc3 Bd7 6. Bxc6 Bxc6 7. d4 exd4 8. Nxd4 Be7 9. Nxc6 bxc6 10. Re1 O-O 11.
Bf4 h6 12. Qf3 Qd7 13. h3 Rab8 14. Qg3 Kh8 15. b3 Nh5 16. Qf3 Nxf4 17. Qxf4 Bg5 18. Qg3 Bf6 19. Rad1 Qe6 20. Qf3 Rb4 21. Na4 Re8 22.
c4 Bg5 23. g3 Qxh3 24. Qg2 Qg4 25. Nb2 Rbb8 26. Nd3 Re7 27. f3 Qe6 28. f4 Bf6 29. f5 Qd7 30. Qh3 Bd4+ 31. Kf1 Rbe8 32. Qg4 g6 33. f6 Qxg4 34. fxe7 Rxe7 35. Nf2 Qxg3 36. Rxd4 Qf4 37. Kg1 c5 38. Rd3 f5 0-1

[Event "Betsys MČR v online bleskovém šachu 2021"]
[Site "Chess.com"]
[Date "2021.04.17"]
[Round "3"]
[White "NikolaKusova"]
[Black "JuliliaR"]
[Result "0-1"]
[WhiteElo "767"]
[BlackElo "1340"]
[TimeControl "180+1"]
[EndTime "9:26:42 PDT"]
[Termination "Uživatel JuliliaR zvítězil matem"]

1. e4 d5 2. exd5 Qxd5 3. Nc3 Qd6 4. Nf3 c6 5. Bc4 Nf6 6. O-O Bg4 7. d3 e6 8. Bg5 Nbd7 9. h3 Bh5 10. Re1 Be7 11.
Bxf6 Nxf6 12. d4 O-O 13. Qd3 Bg6 14. Qe3 Nd5 15. Bxd5 cxd5 16. Rad1 Bxc2 17. Rd2 Bg6 18. Nb5 Qb6 19. Nc3 Bb4 20. Ne5 Rfc8 21. Nd7 Qc6 22. Ne5 Qc7 23. Rc2 Qa5 24. Rec1 Bxc2 25. Rxc2 Bxc3 26. bxc3 Rc7 27. Qf3 Rac8 28. Qg3 Rxc3 29.
Rxc3 Rxc3 30. Qg4 Rc1+ 31. Kh2 Qxa2 32. g3 Qxf2# 0-1

[Event "Betsys MČR v online bleskovém šachu 2021"]
[Site "Chess.com"]
[Date "2021.04.17"]
[Round "3"]
[White "sodikus"]
[Black "Milan_Jancek"]
[Result "1-0"]
[WhiteElo "2310"]
[BlackElo "1818"]
[TimeControl "180+1"]
[EndTime "9:26:43 PDT"]
[Termination "Uživatel sodikus zvítězil po vzdání soupeře"]

1. Nf3 d5 2. d4 Nf6 3. c4 e6 4. Nc3 Be7 5. Bg5 O-O 6. e3 h6 7.
Bh4 b6 8. cxd5 Nxd5 9. Bxe7 Qxe7 10. Nxd5 exd5 11. Bd3 c5 12. b3 Ba6 13. Bxa6 Nxa6 14.
O-O Rac8 15. dxc5 Nxc5 16. Qxd5 Rfd8 17. Qf5 Rc7 18. Rfd1 Rcd7 19. Rxd7 Rxd7 20. h3 Qd6 21. Nd4 g6 22. Qf3 Kg7 23. Rd1 Kg8 24. Qa8+ Kh7 25. Qe8 Re7 26. Qc6 Rd7 27. Qf3 Ne6 28. h4 a5 29. g3 Nc5 30. Rc1 Re7 31. Rc4 Qe5 32.
Kg2 Rd7 33. Nc6 Qe6 34. Nd4 Qe5 35. b4 axb4 36. Rxb4 Nd3 37. Rb1 Ra7 38. Rd1 Nc5 39. Nc6 1-0

[Event "Betsys MČR v online bleskovém šachu 2021"]
[Site "Chess.com"]
[Date "2021.04.17"]
[Round "3"]
[White "czechfant94"]
[Black "clarissamcclellan"]
[Result "1/2-1/2"]
[WhiteElo "1610"]
[BlackElo "1946"]
[TimeControl "180+1"]
[EndTime "9:26:44 PDT"]
[Termination "Remíza opakováním pozice"]

1. e4 e6 2. d4 d5 3. Nd2 Be7 4. Ngf3 Nf6 5. Bd3 c5 6. c3 Nc6 7. O-O O-O 8. exd5 exd5 9. dxc5 Bxc5 10. Nb3 Bd6 11. Bg5 h6 12. Bh4 Bg4 13. h3 Bh5 14. Bg3 Bxg3 15. fxg3 Ne5 16. g4 Nxd3 17. Qxd3 Bg6 18. Qb5 Qb6+ 19. Qxb6 axb6 20. Ne5 Rfe8 21.
Nxg6 fxg6 22. Nd4 Ne4 23. a3 Nd2 24. Rfe1 Nc4 25. Rxe8+ Rxe8 26. Kf1 Nd2+ 27. Kf2 Ne4+ 28. Kf3 Nd2+ 29. Kf2 Ne4+ 30. Kf3 Nc5 31. Nb5 Nd3 32. Rd1 Nxb2 33. Rxd5 Nc4 34. Kf2 Ra8 35. Rd7 Nxa3 36. Nxa3 Rxa3 37. Rxb7 Rb3 38. c4 Rb4 39. Ke3 Rxc4 40.
Rxb6 Rc2 41. Kf3 Kf7 42. Rb7+ Kf6 43. Rb6+ Kf7 44. Rb7+ Kf6 45. Rb6+ Kf7 1/2-1/2

[Event "Betsys MČR v online bleskovém šachu 2021"]
[Site "Chess.com"]
[Date "2021.04.17"]
[Round "3"]
[White "Svandik49"]
[Black "mayerrs"]
[Result "1-0"]
[WhiteElo "2274"]
[BlackElo "1898"]
[TimeControl "180+1"]
[EndTime "9:26:45 PDT"]
[Termination "Uživatel Svandik49 zvítězil po vzdání soupeře"]

1. Nf3 g6 2. g3 Bg7 3. Bg2 e6 4. O-O Ne7 5. c4 O-O 6. Nc3 b6 7. b3 Bb7 8. Bb2 a6 9. e3 d5 10. Qe2 c5 11. Rfd1 Qc7 12. d4 Nd7 13. Rac1 Rab8 14.
cxd5 exd5 15. Na4 Qd6 16. Bh3 f5 17. dxc5 bxc5 18. Bxg7 Kxg7 19. Nc3 h6 20. Nd2 d4 21. exd4 cxd4 22. Na4 d3 23. Qf1 Ne5 24. Bg2 Nd5 25. Nc4 Nxc4 26. Rxc4 Nb4 27. Bxb7 Rxb7 28. a3 Nc6 29.
Rxd3 Qe6 30. Nc5 Qe7 31. Nxb7 Qxb7 32. Qc1 Nd8 33. Rc7+ Rf7 34. Rxb7 Rxb7 35. Rxd8 1-0

[Event "Betsys MČR v online bleskovém šachu 2021"]
[Site "Chess.com"]
[Date "2021.04.17"]
[Round "3"]
[White "androidddd"]
[Black "hvanacek"]
[Result "1-0"]
[WhiteElo "1411"]
[BlackElo "955"]
[TimeControl "180+1"]
[EndTime "9:26:45 PDT"]
[Termination "Uživatel androidddd zvítězil matem"]

1. e4 e5 2. Nf3 Nf6 3. Nxe5 Qe7 4.
d4 d6 5. Nf3 Bg4 6. Be2 Nc6 7.
Nc3 O-O-O 8. h3 Bxf3 9. Bxf3 d5 10. e5 Ne4 11. O-O Nxc3 12. bxc3 h6 13. Rb1 b6 14. Qe2 a5 15. Qa6+ Kb8 16. Be2 g5 17. Bb5 Qe6 18. Bxc6 Qxc6 19. Qxa5 Qb7 20. Qb5 Rc8 21.
Rb3 Rd8 22. Ba3 Bxa3 23. Rxa3 Rc8 24. Rb1 Rcd8 25. Ra4 Rc8 26. Rb3 Rhd8 27. Rba3 Re8 28.
Ra6 Red8 29. Qa4 Qxa6 30. Qxa6 Rd6 31. Qa7# 1-0

[Event "Betsys MČR v online bleskovém šachu 2021"]
[Site "Chess.com"]
[Date "2021.04.17"]
[Round "3"]
[White "martin1804"]
[Black "Dasty78"]
[Result "1-0"]
[WhiteElo "2289"]
[BlackElo "2014"]
[TimeControl "180+1"]
[EndTime "9:26:46 PDT"]
[Termination "Uživatel martin1804 zvítězil na čas"]

1. d4 Nf6 2. Nf3 c5 3. d5 g6 4. c4 e6 5. Nc3 exd5 6. cxd5 d6 7. e4 Bg7 8. Bb5+ Bd7 9. Be2 a6 10. Bf4 Qc7 11. e5 dxe5 12. Nxe5 Qa5 13. O-O O-O 14. Nc4 Qd8 15. a4 Bf5 16. Bf3 Re8 17.
Nd6 Re7 18. Nxf5 gxf5 19. d6 Rd7 20. Nd5 Nxd5 21. Qxd5 Nc6 22. Qxf5 Nd4 23. Qd5 Nxf3+ 24.
Qxf3 Bxb2 25. Rab1 Bd4 26. Rxb7 Rxb7 27. Qxb7 Rb8 28.
Qxa6 1-0

[Event "Betsys MČR v online bleskovém šachu 2021"]
[Site "Chess.com"]
[Date "2021.04.17"]
[Round "3"]
[White "matykov"]
[Black "honzasoucek"]
[Result "1-0"]
[WhiteElo "2001"]
[BlackElo "1634"]
[TimeControl "180+1"]
[EndTime "9:26:48 PDT"]
[Termination "Uživatel matykov zvítězil na čas"]

1. e4 c5 2. Nf3 Nc6 3. d4 cxd4 4.
Nxd4 e6 5. c4 Nf6 6. Nc3 Bb4 7.
f3 O-O 8. Be3 a6 9. Qd2 Qc7 10. a3 Be7 11. g4 d6 12. g5 Nd7 13.
f4 Na5 14. Qe2 b6 15. h4 Bb7 16. Bg2 Nxc4 17. Rc1 Nxe3 18. Qxe3 Rac8 19. h5 d5 20. h6 g6 21. Nce2 Qb8 22. Rxc8 Rxc8 23. exd5 Bxd5 24. Bxd5 exd5 25. Qxe7 Qc7 26. Ne6 1-0

[Event "Betsys MČR v online bleskovém šachu 2021"]
[Site "Chess.com"]
[Date "2021.04.17"]
[Round "3"]
[White "Rozmetal"]
[Black "Krvelacny_krecek"]
[Result "0-1"]
[WhiteElo "2115"]
[BlackElo "2385"]
[TimeControl "180+1"]
[EndTime "9:26:49 PDT"]
[Termination "Uživatel Krvelacny_krecek zvítězil na čas"]

1. e4 e5 2. Nf3 Nc6 3. Bb5 a6 4.
Ba4 Nge7 5. O-O g6 6. c3 Bg7 7. d4 exd4 8. cxd4 O-O 9. Nc3 b5 10. Bb3 Na5 11. Bc2 d6 12. h3 c5 13. Bg5 h6 14. Bh4 g5 15. Bg3 Nc4 16. b3 Na3 17.
Rc1 f5 18. exf5 Nxc2 19. Rxc2 Bxf5 20. Rd2 d5 21. Be5 c4 22. bxc4 dxc4 23. Bxg7 Kxg7 24. Ne5 Ng6 25. Re1 b4 26. Ne4 c3 27. Rd3 Qb6 28. Nc5 Bxd3 29. Qxd3 Nxe5 30. Rxe5 Rae8 31. Rd5 Qg6 32.
Qc4 Rf7 0-1

[Event "Betsys MČR v online bleskovém šachu 2021"]
[Site "Chess.com"]
[Date "2021.04.17"]
[Round "3"]
[White "pohoda1966"]
[Black "jsulc"]
[Result "0-1"]
[WhiteElo "1718"]
[BlackElo "2080"]
[TimeControl "180+1"]
[EndTime "9:26:49 PDT"]
[Termination "Uživatel jsulc zvítězil po vzdání soupeře"]

1. e4 e5 2. Nf3 Nc6 3. Bb5 Bc5 4.
d3 Nge7 5. O-O O-O 6. c3 Bb6 7. Bg5 d6 8. h3 f6 9. Be3 f5 10.
Bxb6 axb6 11. a3 Ng6 12. Nbd2 Nf4 13. exf5 Bxf5 14. Ne4 Bg6 15. Kh2 Ne7 16. g3 Ne6 17.
Nh4 d5 18. Nxg6 Nxg6 19. Nd2 c6 20. Ba4 Qd7 21. b4 Ng5 22. Bb3 Qxh3+ 23. Kg1 Kh8 24.
Re1 Qf5 25. Qe2 Nh3+ 26. Kg2 Nxf2 27. Rh1 Qxd3 28. Qh5 h6 29. Rad1 Nxd1 30. Rxd1 Rf6 31. Nf3 Qe2+ 32. Kh3 Qxf3 0-1

[Event "Betsys MČR v online bleskovém šachu 2021"]
[Site "Chess.com"]
[Date "2021.04.17"]
[Round "3"]
[White "Tolja1"]
[Black "jonvon640"]
[Result "1-0"]
[WhiteElo "2033"]
[BlackElo "1672"]
[TimeControl "180+1"]
[EndTime "9:26:49 PDT"]
[Termination "Uživatel Tolja1 zvítězil na čas"]

1. Nf3 d5 2. c4 e6 3. g3 c6 4.
Bg2 f5 5. d3 Nf6 6. O-O Bd6 7. b3 Qc7 8. Ba3 Bxa3 9. Nxa3 O-O 10.
Nb1 e5 11. cxd5 cxd5 12. Nbd2 Nc6 13. Rc1 Qd6 14. Qc2 Be6 15. Qb2 e4 16. Nd4 Qe5 17. e3 Nb4 18. dxe4 Nd3 19. Qa3 Nxc1 20. Rxc1 dxe4 21.
Nc4 Bxc4 22. Rxc4 Rfc8 23. Qc1 Rxc4 24. Qxc4+ Kf8 25. Ne6+ Ke7 26. Nd4 Rd8 27. Qb4+ Kf7 28. Qxb7+ Rd7 29. Qb4 Rc7 30. h3 Qc5 31. Qb8 Nd5 32. Qd8 Qc1+ 33. Kh2 Qc5 34. Nxf5 1-0

[Event "Betsys MČR v online bleskovém šachu 2021"]
[Site "Chess.com"]
[Date "2021.04.17"]
[Round "3"]
[White "JosefBara"]
[Black "Simaril76"]
[Result "1-0"]
[WhiteElo "1289"]
[BlackElo "707"]
[TimeControl "180+1"]
[EndTime "9:26:49 PDT"]
[Termination "Uživatel JosefBara zvítězil na čas"]

1. d4 c5 2. d5 d6 3. c4 Nf6 4.
Nc3 g6 5. Nf3 Bg7 6. Bg5 O-O 7.
Rc1 b6 8. e3 Nbd7 9. g3 Ne5 10.
Nxe5 dxe5 11. Bg2 Bb7 12. O-O Ba6 13. b3 Bb7 14. Bxf6 Bxf6 15. Ne4 Bg7 16. Ng5 e6 17.
dxe6 Qxd1 18. Rcxd1 Bxg2 19. Kxg2 f6 20. e7 Rfe8 21. Nf3 Rxe7 22. Rd2 Ree8 23. Rfd1 f5 24. Rd7 Bf6 25. Rc7 Red8 26. Rdd7 Rxd7 27. Rxd7 Rd8 28. Rxa7 Rd6 29. Rb7 e4 30. Ne1 Bc3 31. Nc2 Rd2 32. Na3 Rxa2 33. Nb5 Ra6 34. Nxc3 Ra3 35. Rxb6 Kf7 36.
Nd5 Ra5 37. Rb7+ Ke6 38. Rxh7 Kd6 39. Rh6 Ke5 40. Rxg6 Ra3 41. Rb6 Ra2 42. h4 Ra3 43. h5 Ra2 44. h6 Re2 45. h7 f4 46. gxf4+ 1-0

[Event "Betsys MČR v online bleskovém šachu 2021"]
[Site "Chess.com"]
[Date "2021.04.17"]
[Round "3"]
[White "AlenaSouralova"]
[Black "vaclavbelaska"]
[Result "0-1"]
[WhiteElo "912"]
[BlackElo "1405"]
[TimeControl "180+1"]
[EndTime "9:26:52 PDT"]
[Termination "Uživatel vaclavbelaska zvítězil na čas"]

1. e4 c5 2. Bc4 Nc6 3. Nf3 d6 4. Nc3 Nf6 5. d3 g6 6. Be3 Bg7 7. Qd2 Ng4 8. Bg5 O-O 9. O-O-O h6 10. Bf4 e5 11. Be3 Nxe3 12. Qxe3 Kh7 13. h4 h5 14. Rdg1 Bh6 15. Qxh6+ Kxh6 16. g4 Bxg4 17. Ng5 Qe7 18. f3 Be6 19. Kb1 Bxc4 20. dxc4 Nd4 21.
Nd5 Qd8 22. b3 Ne6 23. Nxe6 fxe6 24. Ne3 Qf6 25. Rf1 Qf4 26. Ng2 Qg3 27. Rhg1 Qh3 0-1

[Event "Betsys MČR v online bleskovém šachu 2021"]
[Site "Chess.com"]
[Date "2021.04.17"]
[Round "3"]
[White "penguinorodriguez"]
[Black "TrickyPeat"]
[Result "1-0"]
[WhiteElo "2553"]
[BlackElo "2213"]
[TimeControl "180+1"]
[EndTime "9:26:54 PDT"]
[Termination "Uživatel penguinorodriguez zvítězil matem"]

1. d4 Nf6 2. c4 c5 3. d5 e5 4. Nc3 d6 5. e4 Be7 6. g3 a6 7.
a4 Nbd7 8. Bg2 Nf8 9. Nge2 Ng6 10. O-O h5 11. f4 exf4 12. gxf4 Nh4 13. Bh1 Bh3 14. Re1 Ng4 15. Qd3 Nxh2 16. Qxh3 Ng4 17. Ng3 Bf6 18. e5 dxe5 19. fxe5 Bg5 20. Nce4 Bxc1 21.
Nd6+ Kf8 22. Raxc1 Rh6 23. Rf1 Nxe5 24. Ndf5 Nxf5 25.
Rxf5 Nd3 26. Rcf1 f6 27. Rxh5 Rxh5 28. Qxh5 Kg8 29. Be4 Qd6 30. Qh7+ Kf8 31. Nf5 Qd7 32. Qh8+ Kf7 33. Qxg7+ Ke8 34. Qg8# 1-0